 Dungeon Crawl Stone Soup version 0.30-a0-728-gc68057be0a (webtiles) character file.

Game seed: 11227538062801813821

289 ShadowBlade the Shield-Bearer (level 6, 0/38 HPs)
             Began as a Gargoyle Fighter on Jan 31, 2023.
             Was an Initiate of Makhleb.
             Slain by Blork the orc
             ... wielding a +0 short sword
              (5 damage)
             ... on level 5 of the Dungeon.
             The game lasted 00:35:05 (1866 turns).

ShadowBlade the Shield-Bearer (Gargoyle Fighter)    Turns: 1866, Time: 00:35:06

Health: 0/38       AC: 18    Str: 22    XL:     6   Next: 31%
Magic:  6/6        EV:  6    Int:  8    God:    Makhleb [......]
Gold:   115        SH:  9    Dex:  9    Spells: 5/5 levels left

rFire   . . .      SeeInvis .    e - +0 hand axe
rCold   . . .      Faith    .    c - +0 buckler
rNeg    + . .      Spirit   .    z - +0 plate armour
rPois   ∞          Reflect  +    (helmet restricted)
rElec   +          Harm     .    b - +1 cloak
rCorr   .          Rampage  .    (no gloves)
Will    .....                    (no boots) Stlth
                                 w - amulet of reflection
HPRegen 0.26/turn                (no ring)
MPRegen 0.10/turn                (no ring)

@: silenced
A: sickness immunity, AC +4, negative energy resistance 1, electricity
resistance, torment resistance 1, petrification resistance, antennae 1, talons
1, high MP 1
a: Renounce Religion


You were on level 5 of the Dungeon.
You worshipped Makhleb.
Makhleb was noncommittal.
You visited 1 branch of the dungeon, and saw 5 of its levels.

You collected 115 gold pieces.

Inventory:

Hand Weapons
 a - a +0 flail
 e - a +0 hand axe (weapon)
 h - a +0 club
 j - a +1 dagger of electrocution
 x - a +0 whip
 y - a +0 halberd
Missiles
 m - 9 stones (quivered)
 q - 6 boomerangs
Armour
 b - a +1 cloak (worn)
 c - a +0 buckler (worn)
 z - a +0 plate armour (worn)
Magical Staves
 i - a staff of conjuration
Jewellery
 k - an amulet of the acrobat
 w - an amulet of reflection (around neck)
Scrolls
 n - 2 scrolls of fog {unknown}
 t - a scroll of identify {unknown}
 u - a scroll of acquirement {unknown}
 v - a scroll of enchant armour {unknown}
Potions
 d - 5 potions of degeneration {unknown}
 g - 2 potions of berserk rage {unknown}
 o - a potion of attraction {unknown}
 s - a potion of brilliance {unknown}


   Skills:
 + Level 4.1 Fighting
 + Level 1.8 Short Blades
 + Level 0.3(2.0) Axes
 + Level 3.5 Maces & Flails
 + Level 4.3 Armour
 + Level 1.1 Dodging
 + Level 0.1 Stealth
 + Level 4.4 Shields


You had 5 spell levels left.
You didn't know any spells.
Your spell library contained the following spells:

 Spells                   Type           Power      Damage    Failure   Level
 Magic Dart               Conj           0%         1d3       100%        1
 Searing Ray              Conj           0%         2d4       100%        2
 Fulminant Prism          Conj/Hex       0%         3d5       100%        4


Dungeon Overview and Level Annotations

Branches:
Dungeon (5/15)
 Temple: D:4-7

Altars:
Ashenzari
Hepliaklqana
Makhleb
Ru

Annotations:
D:5 Blork the orc


Innate Abilities, Weirdness & Mutations

You are immune to sickness and miasma.
Your stone body is resilient. (AC +4)
You are immune to poison.
You resist negative energy. (rN+)
You are resistant to electric shocks. (rElec)
You are resistant to unholy torment.
You are immune to petrification.
You have a pair of small antennae on your head.
You have sharp toenails.
You have an increased reservoir of magic. (+10% MP)


Message History

You closely miss the necrophage. You block the necrophage's attack.
You block the white imp's attack.
You closely miss the white imp.
The white imp is severely wounded.
You hit the necrophage. You block the necrophage's attack.
You block the white imp's attack. You block the necrophage's attack.
The white imp gestures at you. The puff of frost hits you.
* * * LOW HITPOINT WARNING * * *
You barely miss the white imp.
The white imp is severely wounded.
You barely miss the necrophage. The white imp gestures at you.
The puff of frost hits you but does no damage.
You block the necrophage's attack.
You hit the white imp but do no damage. You claw the white imp.
You kill the white imp!
Makhleb accepts your kill.
You hit the necrophage. You block the necrophage's attack.
You have reached level 6!
You closely miss the necrophage.
You claw the necrophage, but do no damage.
The necrophage is almost destroyed.
Blork the orc gestures wildly while chanting.
Blork the orc seems to speed up.
The necrophage hits you.
* * * LOW HITPOINT WARNING * * *
The necrophage hits you but does no damage.
You slash the necrophage!
You destroy the necrophage!
Makhleb accepts your kill. Blork the orc casts a spell at you.
The magic dart hits you but does no damage.
What are your orders?
Orders for allies: a - Attack new target. r - Retreat! s - Stop attacking. g - Guard the area. f - Follow me.
Anything else - Cancel.
Stop fighting!
Blork the orc hits you with a +0 short sword.
You die...

..... .# # ####....
.... #.##.#.... #....
.........##.#...
..............( #.
.............
##..###..........
#.......@..........
.....#o#.........# ...
#.####......#. .
#..##......... ≈.
...#.#5#.......# .≈.
.....#n........# #.≈.
.....#...?.....# #.≈.
#............##.##...≈≈
#.....#....##..........


You could see Blork the orc (fast).

Vanquished Creatures
  Menkaure (D:5)
  A necrophage (D:5)
  3 gnolls (D:4)
  2 adders
  A white imp (D:5)
  A dart slug (D:1)
  2 orcs
  4 bats
  3 endoplasms
  A giant cockroach (D:1)
  5 hobgoblins
  4 jackals (D:1)
  3 kobolds
  A quokka (D:4)
  5 ball pythons
  A frilled lizard (D:2)
  5 goblins
  5 rats
48 creatures vanquished.

Vanquished Creatures (collateral kills)
  2 ball pythons
  A goblin (D:2)
  A bat (D:2)
  2 kobolds
6 creatures vanquished.

Grand Total: 54 creatures vanquished

Notes
Turn   | Place    | Note
-------+----------+-------------------------------------------
     0 | D:1      | ShadowBlade the Gargoyle Fighter began the quest for the
                  | Orb.
     0 | D:1      | Reached XP level 1. HP: 14/14 MP: 1/1
   198 | D:1      | Found a faded altar of an unknown god.
   198 | D:1      | Noticed a shining eye
   201 | D:1      | Noticed a shining eye
   201 | D:1      | Noticed a great orb of eyes
   201 | D:1      | Noticed an eye of devastation
   407 | D:1      | Reached XP level 2. HP: 19/19 MP: 2/2
   939 | D:1      | Reached XP level 3. HP: 23/23 MP: 3/3
  1023 | D:1      | Prayed at the altar of an unknown god.
  1023 | D:1      | Became a worshipper of Hepliaklqana the Forgotten
  1023 | D:1      | Reached * piety under Hepliaklqana
  1484 | D:4      | Reached ** piety under Hepliaklqana
  1504 | D:4      | Reached XP level 4. HP: 26/26 MP: 4/4
  1541 | D:4      | Found a burning altar of Makhleb.
  1604 | D:4      | Fell from the grace of Hepliaklqana
  1604 | D:4      | Became a worshipper of Makhleb the Destroyer
  1656 | D:4      | Found a sacrificial altar of Ru.
  1684 | D:5      | Entered Level 5 of the Dungeon
  1684 | D:5      | Noticed Menkaure
  1699 | D:5      | Killed Menkaure
  1700 | D:5      | Was forgiven by Hepliaklqana
  1700 | D:5      | Reached skill level 1 in Short Blades
  1700 | D:5      | Reached skill level 1 in Dodging
  1700 | D:5      | Reached XP level 5. HP: 8/33 MP: 5/5
  1787 | D:5      | Found a broken altar of Ashenzari.
  1850 | D:5      | Noticed Blork the orc
  1856 | D:5      | Gained mutation: You have a pair of small antennae on your
                  | head. [potion of mutation]
  1856 | D:5      | Gained mutation: You have an increased reservoir of magic.
                  | (+10% MP) [potion of mutation]
  1856 | D:5      | Gained mutation: You have sharp toenails. [potion of
                  | mutation]
  1858 | D:5      | Noticed an ice beast
  1864 | D:5      | Reached XP level 6. HP: 9/38 MP: 6/6
  1866 | D:5      | Slain by Blork the orc

Illustrated notes

Levels and vault maps discovered:
D:1:      lemuel_arrival_funnel, layout_basic,
          hellmonk_ecumenical_altar_watching_god
D:2:      layout_loops_ring, kennysheep_boxes
D:3:      layout_loops_cross, lemuel_round_altar, marbit_many_paths,
          mainiacjoe_overflow_alcove_1, grunt_ministairs_1
D:4:      layout_cave_pools, mainiacjoe_overflow_large_starburst, slow_altar_1,
          general_overflow_altar
D:5:      layout_cave_pools, mainiacjoe_overflow_brackets, enter_ossuary_1,
          uniq_menkaure, uniq_blork_the_orc

Skill      XL: |  1  2  3  4 |
---------------+-------------+-----
Maces & Flails | 3 |  3.5
Fighting       | 4 |  4.1
Short Blades   | 1 |  1.8
Armour         | 4 |  4.3
Dodging        | 1 |  1.1
Shields        | 4 |  4.4
Axes           | |  0.3
Stealth        | |  0.1

Action                     |  1- 3 |  4- 6 || total
---------------------------+-------+-------++-------
  Melee: Flail             |    58 |       ||    58
         Dagger            |    67 |    21 ||    88
         Hand axe          |       |    30 ||    30
         Kick              |       |     3 ||     3
  Throw: Stone             |       |     1 ||     1
 Invoke: Recall Ancestor   |     1 |       ||     1
         Ancestor Identity |     1 |       ||     1
    Use: Potion            |     1 |     2 ||     3
         Scroll            |     1 |     3 ||     4
 Armour: Scale mail        |    56 |     2 ||    58
         Plate armour      |       |    23 ||    23
         Chain mail        |       |     5 ||     5
  Dodge: Dodged            |    44 |    29 ||    73
  Block: Buckler           |    27 |    22 ||    49
         Reflection        |       |     2 ||     2

Table legend: (Time is in decaauts)
 A = Elapsed time spent in this place.
 B = Non-inter-level travel time spent in this place.
 C = Inter-level travel time spent in this place.
 D = Time resting spent in this place.
 E = Time spent auto-exploring this place.
 F = Levels seen in this place.
 G = Mean time per level.
                   A        B        C        D        E       F      G
               +--------+--------+--------+--------+--------+-----+--------+
         Total |   1890 |    569 |   1321 |      0 |      0 |   5 |  378.0 |
       Dungeon |   1890 |    569 |   1321 |      0 |      0 |   5 |  378.0 |
               +--------+--------+--------+--------+--------+-----+--------+

Top non-repeatable levels by time:
     D:1: 1057 daAuts
     D:2: 356 daAuts
     D:4: 200 daAuts
     D:5: 188 daAuts
     D:3: 88 daAuts
